 Dungeon Crawl Stone Soup version 0.18-a0-1273-g8ec5f8e (webtiles) character file.

147 Gagarin the Magician (level 5, -11/28 HPs)
             Began as a Tengu Wizard on Feb 7, 2016.
             Killed by divine providence
             ... invoked by an orc priest
              (12 damage)
             ... on level 3 of the Dungeon.
             The game lasted 00:16:34 (3847 turns).

Gagarin the Magician (Tengu Wizard)                 Turns: 3847, Time: 00:16:35

Health: -11/28     AC:  3    Str: 10    XL:     5   Next: 29%
Magic:  6/12       EV: 12    Int: 19    God:
Gold:   164        SH:  0    Dex: 12    Spells: 3 memorised, 6 levels left

rFire  + . .     SeeInvis .     p - +0 dagger
rCold  . . .     Gourm    .     a - +0 robe
rNeg   . . .     Faith    .     (no shield)
rPois  .         Spirit   .     b - +0 hat
rElec  .         Dismiss  .     l - +0 cloak
rCorr  .         Reflect  .     (no gloves)
SustAt .         Harm     .     (boots unavailable)
MR     .....                    (no amulet)
Stlth  +.........               o - +2 ring of strength
                                h - ring of protection from fire

@: very slightly contaminated, heavily drained, not resistant to hostile
enchantments, very unstealthy
A: beak, talons 3, able to fly 1
a: Fly


You were on level 3 of the Dungeon.
You were hungry.

You visited 1 branch of the dungeon, and saw 3 of its levels.

You collected 164 gold pieces.

Inventory:

Hand Weapons
 e - a +0 blowgun
 p - a +0 dagger (weapon)
 D - a +2 hand axe of freezing
Missiles
 n - 5 tomahawks (quivered)
Armour
 a - a +0 robe (worn)
 b - a +0 hat (worn)
 l - a +0 cloak (worn)
Jewellery
 h - a ring of protection from fire (left hand)
 k - an uncursed ring of resist corrosion
 o - a +2 ring of strength (right hand)
 B - an uncursed ring of fire
Scrolls
 i - 6 scrolls of identify
 j - a scroll of remove curse
 m - 2 scrolls of enchant armour {unknown}
 r - a scroll of recharging {unknown}
 t - 2 scrolls of random uselessness {unknown}
 v - a scroll of noise {unknown}
 w - a scroll of blinking {unknown}
 x - a scroll of enchant weapon {unknown}
 y - a scroll of magic mapping {unknown}
Potions
 f - 2 potions of flight
 g - 2 potions of lignification {unknown}
 q - a potion of haste {unknown}
 u - a potion of might {unknown}
 A - a potion of degeneration {unknown}
 C - a potion of curing {unknown}
Books
 c - a book of Minor Magic

   Spells                             Type                      Level
   a - Magic Dart                     Conjuration                  1
   b - Blink                          Translocation                2
   c - Call Imp                       Summoning                    2
   d - Repel Missiles                 Charms/Air                   2
   e - Slow                           Hexes                        2
   f - Conjure Flame                  Conjuration/Fire             3
   g - Mephitic Cloud                 Conjuration/Poison/Air       3
Comestibles
 d - a bread ration


   Skills:
 + Level 0.4(0.0) Fighting
 + Level 0.7(0.0) Short Blades
 + Level 3.2(1.1) Dodging
 + Level 2.7(0.6) Stealth
 + Level 4.0(1.8) Spellcasting
 + Level 3.1(1.0) Conjurations
   Level 1.2(0.0) Summonings
   Level 0.7(0.0) Translocations
 + Level 0.3(0.0) Air Magic
 + Level 0.2(0.0) Poison Magic


You had 6 spell levels left.
You knew the following spells:

 Your Spells              Type           Power        Failure   Level  Hunger
a - Magic Dart            Conj           #...         14%         1    #......
b - Repel Missiles        Chrm/Air       #.....       30%         2    ###....
c - Mephitic Cloud        Conj/Pois/Air  #.......     52%         3    ###....


Dungeon Overview and Level Annotations

Branches:
Dungeon (3/15)

Altars:
Fedhas
Kikubaaqudgha


Innate Abilities, Weirdness & Mutations

You have a beak for a mouth.
You have claws for feet.
You can fly.


Message History

Your vision is briefly tinged with green.
You are feeling hungry.
The orc wizard casts a spell.
The orc wizard flickers and vanishes!
Deactivating autopickup; reactivate with Ctrl-A.
The orc priest looks braver for a moment.
The orc misses you.
Casting: Mephitic Cloud
Confirm with . or Enter, or press ? or * to list all spells.
Aiming: Mephitic Cloud
Press: ? - help, Shift-Dir - straight line, f/p - orc
Aim: an orc, wielding a mace You miscast Mephitic Cloud.
You are momentarily dazzled by a flash of light!
The orc priest calls down the wrath of Beogh upon you.
Something smites you!
* * * LOW HITPOINT WARNING * * *
The orc priest calls down the wrath of Beogh upon you.
Something smites you!
You die...

###.# #.# #.#
....# #.# #o#
##### #.# #o#
# #.# #.# #.#
#.# #.# #.#
####.# #o#
+..#.### #.#
#.....# #@#
###...######.#
#.(...(<.>...#
###(##########
#..# #.## #.#
#.# #.##.#


You could see an orc priest and 2 orcs.

Vanquished Creatures
  2 orc wizards (D:3)
  2 adders
  A worm (D:2)
  4 giant geckos
  4 orcs (D:3)
  4 giant cockroaches
  8 goblins
  7 hobgoblins
  3 jackals (D:2)
  8 kobolds
  A quokka (D:3)
  9 bats
  3 giant newts (D:1)
  10 rats
66 creatures vanquished.

Notes
Turn   | Place    | Note
--------------------------------------------------------------
     0 | D:1      | Gagarin the Tengu Wizard began the quest for the Orb.
     0 | D:1      | Reached XP level 1. HP: 10/10 MP: 5/5
   373 | D:1      | Reached XP level 2. HP: 15/15 MP: 0/7
   957 | D:1      | Reached XP level 3. HP: 16/19 MP: 6/9
  1895 | D:2      | Reached XP level 4. HP: 14/24 MP: 7/10
  2018 | D:2      | Learned a level 2 spell: Repel Missiles
  2022 | D:2      | Learned a level 3 spell: Mephitic Cloud
  2548 | D:3      | Found an ancient bone altar of Kikubaaqudgha.
  2696 | D:3      | Reached skill level 4 in Spellcasting
  2696 | D:3      | Gained mutation: You can fly. [Tengu growth]
  2696 | D:3      | Reached XP level 5. HP: 25/28 MP: 4/12
  2829 | D:3      | Found a blossoming altar of Fedhas.
  3845 | D:3      | HP: 1/28 [orc priest/divine providence (13)]
  3847 | D:3      | Killed from afar by an orc priest

Vault maps used:
D:1:      dpeg_arrival_snail, st_stairs_5
D:3:      yredelemnul_forgotten_temple_becter, fedhas_altar_1,
          nicolae_overflow_crystal_walls

Action                   |  1- 3 |  4- 6 || total
-------------------------+-------+-------++-------
Melee: Unarmed           |     3 |       ||     3
       Dagger            |    39 |    78 ||   117
 Cast: Magic Dart        |    87 |    66 ||   153
       Mephitic Cloud    |       |     3 ||     3
       Repel Missiles    |       |     1 ||     1
  Use: Potion            |     1 |       ||     1
       Scroll            |       |     4 ||     4
 Stab: Sleeping          |     2 |     1 ||     3
       Confused          |       |     1 ||     1
  Eat: Chunk             |     1 |     3 ||     4
       Meat ration       |     1 |       ||     1
